 Dungeon Crawl Stone Soup version 0.31-a0-986-g5e6e4ef867 (webtiles) character file.

Game seed: 6320562673983327648

23 Lobster4 the Digger (level 2, 0/16 HPs)
             Began as a Gargoyle Earth Elementalist on Nov 13, 2023.
             Slain by a gnoll
             ... wielding a +0 spear
              (6 damage)
             ... on level 2 of the Dungeon.
             The game lasted 00:01:57 (919 turns).

Lobster4 the Digger (Gargoyle Earth Elementalist)    Turns: 919, Time: 00:01:57

Health: 0/16       AC:  4    Str: 11    XL:     2   Next: 95%
Magic:  5/5        EV: 12    Int: 15    God:
Gold:   112        SH:  0    Dex: 10    Spells: 2/5 levels left

rFire   . . .        c - +0 dagger
rCold   . . .        (no shield)
rNeg    + . .        a - +0 robe
rPois   ∞            (no helmet)
rElec   +            (no cloak)
rCorr   .            (no gloves)
SInv    .            (no boots)
Will    .....        f - amulet of regeneration
Stlth   ++           (no ring)
HPRegen 1.02/turn    (no ring)
MPRegen 0.09/turn

%: no passive effects
@: no status effects
A: sickness immunity, AC +2, negative energy resistance 1, electricity
resistance, torment resistance 1, petrification resistance
a: no special abilities


You were on level 2 of the Dungeon.
You visited 1 branch of the dungeon, and saw 2 of its levels.

You collected 112 gold pieces.

Inventory:

Hand Weapons
 c - a +0 dagger (weapon)
Armour
 a - a +0 robe (worn)
 g - a +0 ring mail
 h - a +0 leather armour
Jewellery
 f - an amulet of regeneration (around neck)
Potions
 b - a potion of magic
 d - a potion of enlightenment {unknown}
 e - a potion of heal wounds {unknown}


   Skills:
 + Level 0.6 Fighting
 + Level 0.9 Armour
 + Level 1.7 Dodging
 - Level 2.1 Stealth
 + Level 2.1 Spellcasting
 * Level 0.4 Conjurations
 - Level 1.0 Transmutations
 * Level 4.0 Earth Magic


You had 2 spell levels left.
You knew the following spells:

 Your Spells              Type           Power      Damage    Failure   Level
a - Sandblast             Erth           26%        2d8       4%          1
p - Passwall              Tmut/Erth      7%         N/A       12%         2

Your spell library contained the following spells:

 Spells                   Type           Power      Damage    Failure   Level
 Stone Arrow              Conj/Erth      16%        3d8       26%         3
 Petrify                  Tmut/Erth      9%         N/A       61%         4
 Brom's Barrelling Bould  Conj/Erth      8%         2d3       65%         4
 Iskenderun's Battlesphe  Conj           3%         2d6       99%         5
 Bombard                  Conj/Erth      4%         9d2       100%        6
 Spellforged Servitor     Conj/Summ      1%         N/A       100%        7


Dungeon Overview and Level Annotations

Branches:
Dungeon (2/15)

Altars:


Innate Abilities, Weirdness & Mutations

You are immune to sickness and miasma.
Your stone body is resilient. (AC +2)
You are immune to poison.
You resist negative energy. (rN+)
You are resistant to electric shocks. (rElec)
You are resistant to unholy torment.
You are immune to petrification.


Message History

Aiming: Sandblast (safe; 4% risk of failure)
Press: ? - help, Shift-Dir - straight line, f - endoplasm
Aim: an endoplasm (asleep, 100% to hit)
The blast of sand hits the endoplasm.
You kill the endoplasm!
Magic restored.
A quokka comes into view.
Found a stone staircase leading down.
A malevolent force fills the Dungeon... and a teleportation trap spontaneously manifests!
You are yanked towards some nearby monsters!
Your surroundings suddenly seem different.
A kobold, a frilled lizard and 4 gnolls come into view.
A gnoll is wielding a +0 spear.
Found 21 stones and a mace.
Found an escape hatch in the ceiling.
The kobold shouts!
The gnoll shouts! x2
A bat comes into view.
The frilled lizard bites you.
A bat comes into view.
Found 5 stones.
The frilled lizard hisses.
The frilled lizard barely misses you.
You see here 7 stones.
The gnoll throws a throwing net.
The throwing net completely misses you.
You see here a throwing net.
The gnoll completely misses you. The bat hits you but does no damage.
The bat attacks as it pursues you! The bat hits you but does no damage.
The bat barely misses you.
The gnoll hits you from afar with a +0 spear.
The gnoll attacks as it pursues you!
The gnoll hits you from afar with a +0 spear!
The gnoll shouts!
The kobold hits you with a +0 dagger.
The kobold throws a stone.
The stone barely misses you.
The frilled lizard attacks as it pursues you!
The frilled lizard closely misses you.
There is an escape hatch in the ceiling here.
The bat hits you but does no damage. The gnoll hits you but does no damage.
The frilled lizard bites you.
The gnoll hits you from afar with a +0 spear.
You die...

...##.. #.......#
....##.##........
.....#...........
.#......(........
.......(.........
.(.####g.........
#g.g....).(
##lbK.......
#.@g........
#....#.........
#..###b........
..... .......
#....###.......
#..#...........
...............
.......##.# #
.......# ...


You could see 4 gnolls, 2 bats, a kobold and a frilled lizard.

Vanquished Creatures
  A dart slug (D:1)
  4 bats (D:1)
  2 endoplasms
  2 goblins (D:1)
  2 hobgoblins (D:1)
  2 quokkas (D:1)
  2 ball pythons (D:1)
  A frilled lizard (D:1)
  3 rats
19 creatures vanquished.

Notes
Turn   | Place    | Note
-------+----------+-------------------------------------------
     0 | D:1      | Lobster4 the Gargoyle Earth Elementalist began the quest
                  | for the Orb.
     0 | D:1      | Reached XP level 1. HP: 10/10 MP: 3/3
   241 | D:1      | Reached XP level 2. HP: 13/16 MP: 0/5
   244 | D:1      | Learned a level 2 spell: Passwall
   415 | D:1      | Reached skill level 1 in Transmutations
   446 | D:1      | Reached skill level 4 in Earth Magic
   919 | D:2      | Slain by a gnoll

Illustrated notes

Levels and vault maps discovered:
D:1:      onia_arrival_mini_spirals, layout_basic
D:2:      layout_rooms, hangedman_decor_diamond_cutter, minmay_misc_feat_hallway

Skill      XL: |  1  2 |
---------------+-------+-----
Transmutations | 1 |  1.0
Earth Magic    | 4 |  4.0
Fighting       | |  0.6
Armour         | |  0.9
Dodging        | |  1.7
Stealth        | |  2.1
Spellcasting   | |  2.1
Conjurations   | |  0.4

Action                     || total
---------------------------++-------
  Melee: Dagger            ||     1
   Cast: Sandblast         ||    26
 Armour: Robe              ||    12
  Dodge: Dodged            ||     8

Table legend: (Time is in decaauts)
 A = Elapsed time spent in this place.
 B = Non-inter-level travel time spent in this place.
 C = Inter-level travel time spent in this place.
 D = Time resting spent in this place.
 E = Time spent auto-exploring this place.
 F = Levels seen in this place.
 G = Mean time per level.
                   A        B        C        D        E       F      G
               +--------+--------+--------+--------+--------+-----+--------+
         Total |    931 |    884 |     47 |     27 |    695 |   2 |  465.5 |
       Dungeon |    931 |    884 |     47 |     27 |    695 |   2 |  465.5 |
               +--------+--------+--------+--------+--------+-----+--------+

Top non-repeatable levels by time:
     D:1: 893 daAuts
     D:2: 37 daAuts
